AoeStats
← OGStragglerTree

Hideout

508114803Analyzed
1v1 RM · 10d ago on Sep 20, 2026· 64m 22s· 2 players
Game mode
Random Map
Map size
Tiny (2 player)
Population
200
Speed
Normal
Resources
Standard
Victory
Conquest
Starting age
Dark Age
Ending age
Imperial Age
RankedLock teamsTeams togetherTeam positionsShared explorationLock speedFull tech treeHidden civsTurbo modeCheats
Victory
Defeat
🇦🇷 Tupi · Argentina
1715
+12
🇺🇸 Georgians · United States
1622
-12
OGStragglerTree
10:08 Feudal Age
14:02 Castle Age
12:15 Double-Bit Axe
15:25 Bow Saw
15:51 Horse Collar
16:35 Loom
17:12 Town Watch
19:09 Scale Barding Armor
23:04 Chain Barding Armor
25:47 Wheelbarrow
29:55 Bloodlines
29:48 Husbandry
34:46 Imperial Age
36:01 Plate Barding Armor
36:22 Forging
38:12 Fletching
39:13 Conscription
40:34 Iron Casting
40:10 Heavy Plow
42:29 Blast Furnace
42:56 Bodkin Arrow
44:11 Parthian Tactics
43:20 Heavy Cavalry Archer
44:22 Bracer
44:56 Ballistics
45:18 Hand Cart
46:53 Chemistry
47:08 Aznauri Cavalry
49:14 Hoardings
48:54 Masonry
48:50 Siege Engineers
48:43 Gold Mining
48:43 Stone Mining
49:55 Elite Monaspa
50:03 Elite Monaspa
54:03 Elite Skirmisher
56:22 Light Cavalry
Jhoonas
10:22 Feudal Age
9:51 Loom
14:31 Castle Age
13:18 Fletching
16:11 Double-Bit Axe
16:24 Bodkin Arrow
20:07 Town Watch
21:00 Horse Collar
21:34 Bow Saw
21:21 Gold Mining
22:55 Ballistics
30:30 Imperial Age
28:14 Heavy Plow
28:08 Stone Mining
29:35 Wheelbarrow
31:13 Bracer
32:21 Chemistry
32:16 Curare
32:13 Padded Archer Armor
33:16 Scale Mail Armor
33:02 Pikeman
33:42 Squires
34:22 Hand Cart
35:28 Chain Mail Armor
35:28 Halberdier
35:54 Champi Runner
36:47 Champi Warrior
38:20 Elite Blackwood Archer
39:23 Forging
40:37 Plate Mail Armor
40:44 Conscription
41:49 Elite Champi Warrior
43:06 Iron Casting
42:38 Caciques
43:09 Hoardings
43:52 Two-Man Saw
44:25 Arson
44:44 Capped Ram
45:56 Siege Ram
47:35 Leather Archer Armor
Connection lost

Rejoining the realm…

Still unreachable

The connection could not be restored.

Session expired

The server has moved on; the page needs a fresh start.